[Event "*** Titled Tuesday 3|2 Blitz"]
[Site "Chess.com"]
[Date "2016.07.05"]
[Round "1"]
[White "wnstop"]
[Black "FairChess_on_YouTube"]
[Result "0-1"]
[WhiteElo "2359"]
[BlackElo "2719"]
[TimeControl "180+2"]
[EndTime "11:07:36 PDT"]
[Termination "FairChess_on_YouTube won by resignation"]

1. e4 c5 2. Nf3 e6 3. d4 cxd4 4. Nxd4 Nc6 5. Nc3 a6 6. Be2 d6 7. O-O Nf6 8. Be3 e5 9. Nb3 Be7 10.
a4 O-O 11. f4 exf4 12. Bxf4 Be6 13. Kh1 Rc8 14. Qd2 Ne5 15. Nd4 Qb6 16. Rab1 Qb4 17. Bxe5 dxe5 18. Nxe6 fxe6 19. Qd3 Qb6 20. Qh3 Bb4 21. Bd3 h5 22. Nd1 g6 23. c3 Be7 24.
Qe3 Qc7 25. Qg3 Kg7 26. Ne3 Bc5 27. h3 h4 28. Qe1 Nh5 29. Rxf8 Rxf8 30. Ng4 Ng3+ 31.
Kh2 Rf4 32. b4 Ba7 33. Rb2 Qf7 34. Rb1 Rxg4 35. hxg4 Qf4 36. Kh3 Nh1 37. Rb2 Nf2+ 38. Rxf2 Bxf2 0-1

[Event "*** Titled Tuesday 3|2 Blitz"]
[Site "Chess.com"]
[Date "2016.07.05"]
[Round "1"]
[White "platy3"]
[Black "hypert"]
[Result "1-0"]
[WhiteElo "2689"]
[BlackElo "2341"]
[TimeControl "180+2"]
[EndTime "11:07:41 PDT"]
[Termination "platy3 won by resignation"]

1. e4 c5 2. Nf3 e6 3. d4 cxd4 4. Nxd4 Nf6 5. Nc3 d6 6. g4 h6 7.
h4 Nc6 8. Rg1 h5 9. gxh5 Nxh5 10.
Bg5 Qb6 11. Nb3 Bd7 12. Be2 Nf6 13. Qd2 a6 14. h5 Qc7 15. h6 Ng8 16. hxg7 Bxg7 17.
Bf4 Be5 18. Bxe5 dxe5 19. Qg5 Nce7 20. O-O-O O-O-O 21. Qe3 Ng6 22. Qa7 N8e7 23. Nc5 Nc6 24. Qa8+ Qb8 25. Qxb8+ Nxb8 26. Rd6 Bc6 27. Rxd8+ Kxd8 28. Nxe6+ Ke7 29. Ng7 Rh2 30. Nf5+ Kf8 31. f3 Nf4 32.
Bc4 Ne6 33. Bxe6 fxe6 34. Ne3 Nd7 35. b4 Rh3 36. Rf1 Ke7 37. a4 Nf6 38. Nc4 Nd7 39. b5 axb5 40. axb5 Bxe4 41. Nxe4 Rh2 42. Ned6 1-0

[Event "*** Titled Tuesday 3|2 Blitz"]
[Site "Chess.com"]
[Date "2016.07.05"]
[Round "1"]
[White "RobertRis"]
[Black "Ksenia_Legenko"]
[Result "1-0"]
[WhiteElo "2438"]
[BlackElo "2062"]
[TimeControl "180+2"]
[EndTime "11:07:46 PDT"]
[Termination "RobertRis won by resignation"]

1. Nf3 d5 2. g3 Nf6 3. Bg2 c6 4. O-O Bg4 5. c4 e6 6. b3 Be7 7.
Bb2 O-O 8. d3 Nbd7 9. Nbd2 Qc7 10.
Qc2 Rac8 11. e4 dxe4 12. dxe4 e5 13. Nh4 Rcd8 14. h3 Be6 15. Nf5 Bxf5 16. exf5 Nc5 17. g4 Rfe8 18. Rad1 Nd3 19. Bc3 Bb4 20. Nf3 Bxc3 21. Rxd3 Bb4 22. Rxd8 Rxd8 23. c5 Qe7 24. Rc1 e4 25. Ng5 Rd2 26. Qc4 Ba3 27. Re1 Qxc5 28. Qxf7+ Kh8 29. Nxe4 Nxe4 30. Qe8+ Qf8 31. Rxe4 Kg8 32.
Qe6+ Qf7 33. Qc8+ Bf8 34. Bf1 Rd7 35. Bc4 Rd5 36. Re8 h6 37. Bxd5 cxd5 38. Qe6 d4 39. Rd8 d3 40. Rxd3 1-0

[Event "*** Titled Tuesday 3|2 Blitz"]
[Site "Chess.com"]
[Date "2016.07.05"]
[Round "1"]
[White "mortalbovine"]
[Black "AdamHunt1"]
[Result "0-1"]
[WhiteElo "1613"]
[BlackElo "2371"]
[TimeControl "180+2"]
[EndTime "11:07:50 PDT"]
[Termination "AdamHunt1 won by checkmate"]

1. e4 c5 2. d4 cxd4 3. c3 dxc3 4. Nxc3 Nc6 5. Nf3 e6 6. Bf4 Bb4 7. Bd3 Nge7 8. O-O Ng6 9. Bg3 Bxc3 10. bxc3 d6 11.
Qe2 O-O 12. Nd4 e5 13. Nb3 Be6 14. Rfd1 Rc8 15. Rac1 Qe7 16. Bc4 Bxc4 17. Qxc4 Nd4 18. Qd3 Nxb3 19. axb3 Rfd8 20. b4 Qe6 21. c4 Ne7 22. c5 d5 23. exd5 Rxd5 24. Qb5 Rcd8 25.
Re1 R8d7 26. Qa4 a6 27. Qc2 Nc6 28. Qc3 Rd3 29. Qb2 Rd2 30. Qc3 R7d3 31. Qa1 f6 32. b5 axb5 33. Qa8+ Nd8 34. Bf4 Ra2 35. Qb8 b4 36. Red1 Qd5 37. Rxd3 Qxd3 38. Be3 b3 39. c6 b2 40. Rf1 Qxf1+ 41. Kxf1 b1=Q+ 42. Bc1 Qxc1# 0-1

[Event "*** Titled Tuesday 3|2 Blitz"]
[Site "Chess.com"]
[Date "2016.07.05"]
[Round "1"]
[White "TyIerDurden"]
[Black "FLchessplayer"]
[Result "1-0"]
[WhiteElo "2429"]
[BlackElo "2068"]
[TimeControl "180+2"]
[EndTime "11:08:01 PDT"]
[Termination "TyIerDurden won by resignation"]

1. Nf3 g6 2. g3 Bg7 3. Bg2 d6 4. O-O c5 5. d3 Nf6 6. Nbd2 Nc6 7. c4 Bd7 8. Rb1 Qc8 9. b3 Bh3 10. a3 b6 11. b4 h5 12. Bb2 Bxg2 13.
Kxg2 e5 14. e3 Qe6 15. d4 cxd4 16. exd4 e4 17. Re1 O-O 18. Ng5 Qf5 19. Ngxe4 Nxe4 20. Nxe4 Rad8 21. d5 Ne5 22. f4 Nxc4 23. Bxg7 Kxg7 24. Qd4+ Ne5 25. Nxd6 Rxd6 26. Qxe5+ Qxe5 27. fxe5 Rxd5 28. Rbd1 Rfd8 29. Rxd5 Rxd5 30. e6 fxe6 31. Rxe6 Rd2+ 32.
Kh3 Kf7 33. Rc6 Rd7 34. Kh4 Kg7 35. Kg5 Rd5+ 36. Kf4 Rd7 37. Ke3 Re7+ 38. Kd2 Kh6 39. Rc4 Rd7+ 40. Kc3 Kg5 41. Rf4 Re7 42. Kc4 Re3 43.
a4 Re5 44. b5 Rc5+ 45. Kd4 Rc7 46. Kd5 Kh6 47. Kd6 Rb7 48. Rc4 Rf7 49. Rc7 Rf2 50.
Rxa7 Rxh2 51. Ra6 Rh3 52. Rxb6 Rxg3 53. Rc6 Ra3 54. Rc4 Kg5 55. b6 h4 56. b7 Rb3 57.
Rc5+ Kg4 58. Rb5 Rd3+ 59. Kc6 Rc3+ 60. Kb6 1-0

[Event "*** Titled Tuesday 3|2 Blitz"]
[Site "Chess.com"]
[Date "2016.07.05"]
[Round "1"]
[White "VerdeNotte"]
[Black "Abrito99"]
[Result "1-0"]
[WhiteElo "2623"]
[BlackElo "2316"]
[TimeControl "180+2"]
[EndTime "11:08:04 PDT"]
[Termination "VerdeNotte won by checkmate"]

1. e4 e6 2. d4 d5 3. Nd2 a6 4. Ngf3 Nf6 5. Bd3 c5 6. e5 Nfd7 7. c3 Nc6 8. a3 Qb6 9. O-O cxd4 10. cxd4 Nxd4 11. Nxd4 Qxd4 12. Nf3 Qb6 13. b4 Be7 14. Re1 Nf8 15. Be3 Qd8 16. h4 Bd7 17. Rc1 Bxh4 18.
Nxh4 Qxh4 19. Rc7 Bc6 20. Qc2 Nd7 21. Rxc6 bxc6 22. Qxc6 Qd8 23. Bg5 Qb8 24. Rc1 h6 25. Be3 O-O 26. Qxd7 Qxe5 27. Qc7 Qb2 28. Qc3 Qxc3 29. Rxc3 e5 30. Rc6 Rfd8 31. Bxa6 d4 32. Bd2 f5 33. a4 e4 34. a5 Re8 35. Bc4+ Kh8 36. b5 e3 37. fxe3 dxe3 38. Bc3 Rac8 39.
Rxh6# 1-0

[Event "*** Titled Tuesday 3|2 Blitz"]
[Site "Chess.com"]
[Date "2016.07.05"]
[Round "1"]
[White "Cayse"]
[Black "oskariot"]
[Result "1-0"]
[WhiteElo "2550"]
[BlackElo "2256"]
[TimeControl "180+2"]
[EndTime "11:08:06 PDT"]
[Termination "Cayse won by resignation"]

1. e4 c5 2. Nf3 d6 3. Bb5+ Bd7 4.
Bxd7+ Qxd7 5. d4 cxd4 6. Nxd4 Nf6 7. f3 g6 8. c4 Bg7 9. Nc3 O-O 10. Be3 Rc8 11. b3 d5 12. exd5 Na6 13. O-O Nc5 14. Bf2 a5 15. Qe2 Ra6 16. Rad1 Nh5 17. Qd2 Be5 18.
Ncb5 Bf4 19. Qe2 Re8 20. Rfe1 Qc8 21. Nc2 Nd7 22. d6 e6 23. g3 Be5 24. f4 Bg7 25. Nc7 Rxd6 26. Nxe8 Rxd1 27. Rxd1 Qxe8 28. Nd4 Nhf6 29. Nb5 h5 30. Qf3 Qb8 31. Kg2 Ng4 32.
Bd4 Bf8 33. h3 Nh6 34. Bc3 Nf5 35. Rxd7 Bc5 36. Qd3 Ne3+ 37. Kf3 1-0

[Event "*** Titled Tuesday 3|2 Blitz"]
[Site "Chess.com"]
[Date "2016.07.05"]
[Round "1"]
[White "Carolina-moon"]
[Black "Keaton87"]
[Result "0-1"]
[WhiteElo "2123"]
[BlackElo "2481"]
[TimeControl "180+2"]
[EndTime "11:08:07 PDT"]
[Termination "Keaton87 won on time"]

1. e4 c5 2. Nc3 a6 3. g3 b5 4.
Bg2 Bb7 5. d3 e6 6. Nge2 b4 7.
Na4 d5 8. exd5 Bxd5 9. Bxd5 exd5 10. O-O Nf6 11. Nf4 Be7 12. Qf3 O-O 13. Bd2 Nc6 14. c3 Ne5 15. Qe2 Ng6 16. Nxg6 hxg6 17. Rfe1 Bd6 18. cxb4 cxb4 19. Be3 Re8 20. Qf3 Be5 21. Rac1 a5 22. b3 d4 23. Bg5 Qd5 24. Qxd5 Nxd5 25.
Rc5 Nc3 26. Rcxe5 Rxe5 27. Rxe5 f6 28. Re7 fxg5 29. Nb6 Ra6 30. Nd7 Nxa2 31. Nc5 Ra8 32. Ne6 Nc1 33. Rxg7+ Kh8 34. Rxg6 Nxb3 35. Nxg5 a4 36. f4 Ra7 37. f5 a3 38. Rh6+ Kg8 39. Rg6+ Rg7 40. Ne6 Rxg6 41. fxg6 a2 0-1

[Event "*** Titled Tuesday 3|2 Blitz"]
[Site "Chess.com"]
[Date "2016.07.05"]
[Round "1"]
[White "ruifeng"]
[Black "Fandorine"]
[Result "0-1"]
[WhiteElo "2326"]
[BlackElo "2632"]
[TimeControl "180+2"]
[EndTime "11:08:08 PDT"]
[Termination "Fandorine won by resignation"]

1. e4 c6 2. d4 d5 3. exd5 cxd5 4. c4 Nf6 5. Nc3 g6 6. Qb3 Bg7 7. cxd5 O-O 8. Be2 Na6 9. Bf3 Nc7 10. Nge2 Rb8 11.
O-O b5 12. Bf4 a6 13. Rac1 Nfe8 14. Ne4 Nd6 15. Nxd6 exd6 16. Rc6 Ne8 17. Rfc1 Bb7 18. R6c3 Kh8 19. h3 Qh4 20. Bg3 Qg5 21. Bf4 Qh4 22.
Bg3 Qg5 23. a3 h5 24. Bf4 Qe7 25. Re3 Qd8 26. Qb4 Ba8 27. Qd2 Kg8 28. Rec3 Qb6 29. Bg5 Bf6 30. Bh6 Bg7 31. Bxh5 Bxd5 32. Bf3 Bc4 33.
Bxg7 Nxg7 34. b3 Bxe2 35. Bxe2 Nf5 36. Rd3 Rfe8 37. Bg4 Ng7 38. Qf4 Rb7 39. Qf6 Rbe7 40.
Rdd1 Qd8 41. Qf4 Re4 42. Qd2 Qf6 43. Bf3 R4e7 44. Bc6 Re2 45. Qd3 Qxf2+ 46. Kh1 R8e3 47. Rf1 Qxf1+ 48. Rxf1 Rxd3 49. Bd5 Nf5 50. g4 0-1

[Event "*** Titled Tuesday 3|2 Blitz"]
[Site "Chess.com"]
[Date "2016.07.05"]
[Round "1"]
[White "Mornar1951"]
[Black "popov_m"]
[Result "1/2-1/2"]
[WhiteElo "2499"]
[BlackElo "2196"]
[TimeControl "180+2"]
[EndTime "11:08:20 PDT"]
[Termination "Game drawn by agreement"]

1. Nf3 Nf6 2. c4 g6 3. Nc3 Bg7 4. e4 d6 5. d4 O-O 6. Be2 e5 7.
O-O Nc6 8. dxe5 dxe5 9. Bg5 Be6 10. Qxd8 Nxd8 11. Nd5 Nxe4 12. Nxc7 Rc8 13. Bxd8 Rfxd8 14. Nxe6 fxe6 15. Rad1 a5 16. Rxd8+ Rxd8 17. Rd1 Rxd1+ 18.
Bxd1 Nc5 19. b3 h6 20. Bc2 Kf7 21. h4 e4 22. Nd2 Bc3 23. Nxe4 Nxe4 24. Bxe4 b6 25. Kf1 Kf6 26. Ke2 g5 27. h5 Ke5 28.
Kd3 Be1 29. f3 Bf2 30. Bg6 Kf4 31. Ke2 Bc5 32. Bf7 e5 33. Bd5 Ba3 34. g4 Bc5 35. Kd3 Ba3 36. Kc3 Bb4+ 37. Kb2 Bc5 38. a3 Ke3 39.
Be4 Kd2 40. Bd5 Bd4+ 41. Ka2 Kc3 42. Be4 Bc5 43. Bd5 Bd4 44. Bc6 Bc5 45. Ba4 Bd6 46.
Bc6 Bc5 47. Bd5 Bd6 48. Bc6 Bc5 49. a4 Kc2 50. Be4+ Kc3 51. Bf5 Bd6 52. Bd7 Bc5 53.
Bb5 Bd6 54. Kb1 Kxb3 55. Kc1 Kc3 56. Kd1 Bc5 57. Ke2 Kd4 58. Ba6 1/2-1/2

[Event "*** Titled Tuesday 3|2 Blitz"]
[Site "Chess.com"]
[Date "2016.07.05"]
[Round "1"]
[White "Andrejkin"]
[Black "Smirnov_Pavel"]
[Result "0-1"]
[WhiteElo "2150"]
[BlackElo "2510"]
[TimeControl "180+2"]
[EndTime "11:08:24 PDT"]
[Termination "Smirnov_Pavel won by resignation"]

1. e4 c5 2. Nf3 Nc6 3. d4 cxd4 4. Nxd4 Nf6 5. Nc3 e5 6. Ndb5 d6 7. Nd5 Nxd5 8. exd5 Nb8 9. c4 a6 10. Qa4 Nd7 11.
Be3 b6 12. Nc3 Be7 13. Qb3 O-O 14. f3 f5 15. Be2 Nc5 16. Bxc5 bxc5 17. a4 Bg5 18. g3 Bd7 19. O-O Rb8 20. Qc2 Qb6 21. Rab1 Be3+ 22. Kh1 Bd4 23. b3 Qa5 24. Na2 Rb7 25. Bd3 g6 26. Rfd1 Rfb8 27. Kg2 Bxa4 28. bxa4 Rb2 29. Kh1 Kg7 30. Rxb2 Rxb2 31. Qc1 Qxa4 32.
Rd2 Qxa2 33. Rxb2 Qxb2 34. Qxb2 Bxb2 35. Kg2 Kf6 36. Kf2 Ke7 37. Ke2 Kd7 38. Kd2 Kc7 39.
Kc2 Bd4 40. Kb3 h5 41. Kc2 a5 42. Kb3 Bg1 43. h3 Bf2 44. g4 e4 45. fxe4 fxg4 46. hxg4 hxg4 47. Be2 g3 48. Bf3 Kd7 49. Ka4 Be1 50.
Bg4+ Ke7 51. Kb5 g2 0-1

[Event "*** Titled Tuesday 3|2 Blitz"]
[Site "Chess.com"]
[Date "2016.07.05"]
[Round "1"]
[White "hermionegrangermagic"]
[Black "SavelijTartakover"]
[Result "0-1"]
[WhiteElo "2275"]
[BlackElo "2577"]
[TimeControl "180+2"]
[EndTime "11:08:26 PDT"]
[Termination "SavelijTartakover won by resignation"]

1. e4 c5 2. Nf3 d6 3. d4 cxd4 4.
Nxd4 Nf6 5. Nc3 Nc6 6. Bg5 e6 7. Qd2 Be7 8. O-O-O Nxd4 9. Qxd4 O-O 10. f3 a6 11. Be3 b5 12. g4 Bb7 13. h4 Rc8 14. h5 e5 15. Qd2 b4 16. Nd5 Nxd5 17. exd5 a5 18. g5 Qc7 19. Rh2 f5 20. gxf6 Rxf6 21.
Bh3 Rcf8 22. Be6+ Kh8 23. Rg1 Rxf3 24. Qg2 R3f7 25. h6 g6 26. Bxf7 Rxf7 27. Qe4 Qd7 28.
Rhh1 Qb5 29. Qg4 Qxd5 30. Qd7 Bf8 31. Qe8 Bc6 32. Qc8 Bd7 33. Qd8 Bf5 34. Rd1 Qe4 35. Rd3 Qxh1+ 36. Kd2 Bxd3 37. cxd3 Qf3 38. Bg5 Kg8 39. Bf6 Qxf6 40. Qe8 Qf2+ 0-1

[Event "*** Titled Tuesday 3|2 Blitz"]
[Site "Chess.com"]
[Date "2016.07.05"]
[Round "1"]
[White "TheLancer"]
[Black "Aragon"]
[Result "1-0"]
[WhiteElo "2467"]
[BlackElo "2104"]
[TimeControl "180+2"]
[EndTime "11:08:27 PDT"]
[Termination "TheLancer won by checkmate"]

1. e4 Nc6 2. Nf3 f5 3. e5 d5 4. d4 Nh6 5. Bxh6 gxh6 6. Bb5 e6 7. Nc3 a6 8. Be2 Ne7 9. h4 Bd7 10. Nd2 Ng6 11. Bh5 c5 12. Ne2 Rc8 13. c3 Kf7 14.
a3 cxd4 15. cxd4 Qb6 16. O-O Kg7 17. Bxg6 hxg6 18. Nf3 Bb5 19. Qb3 Qd8 20. Nf4 Kf7 21. Rfb1 Be7 22. h5 g5 23. Ng6 Rg8 24. Rc1 Qd7 25. a4 Bc4 26. Qe3 g4 27. Qxh6 gxf3 28.
gxf3 Rg7 29. Kh2 Rcg8 30. Rg1 Qd8 31. Nh8+ Kf8 32. Qxe6 Rxg1 33. Rxg1 Rg7 34. Ng6+ Ke8 35. h6 Rxg6 36. Rxg6 Qd7 37. Rg8# 1-0

[Event "*** Titled Tuesday 3|2 Blitz"]
[Site "Chess.com"]
[Date "2016.07.05"]
[Round "1"]
[White "ChessWarrior7197"]
[Black "Schemato"]
[Result "1-0"]
[WhiteElo "2511"]
[BlackElo "2190"]
[TimeControl "180+2"]
[EndTime "11:08:28 PDT"]
[Termination "ChessWarrior7197 won by resignation"]

1. e4 e6 2. d4 d5 3. Nd2 Be7 4.
Bd3 c5 5. exd5 Qxd5 6. Ngf3 cxd4 7. Nb3 Nc6 8. O-O Bd7 9. Re1 Nf6 10. Bg5 h6 11.
Bxf6 Bxf6 12. Be4 Qh5 13. Nfxd4 Qxd1 14. Raxd1 Rc8 15. Nxc6 Bxc6 16. Bxc6+ Rxc6 17. c3 Ke7 18. Na5 Rc7 19. g3 b6 20. Nb3 Rd8 21. Rxd8 Kxd8 22. Kg2 Rd7 23. Kf3 a5 24. Ke3 Kc7 25. Nd2 b5 26. Ne4 Be7 27. b3 f5 28. Nd2 e5 29.
Ke2 Bg5 30. Nf3 Bf6 31. Rc1 e4 32. Nd2 Bg5 33. Rc2 Kd6 34. Nf1 Ke5 35. c4 Rc7 36. h4 Be7 37. Ne3 bxc4 38. Rxc4 Rc5 39. Rxc5+ Bxc5 40. Nc4+ Kd4 41. Nxa5 g5 42. hxg5 hxg5 43. b4 Bb6 44.
Nc6+ Kc4 45. a4 f4 46. gxf4 gxf4 47. a5 Bc7 48. a6 Bb6 49. a7 Bxa7 50. Nxa7 Kxb4 51.
Nc6+ Kc5 52. Ne7 Kd6 53. Ng6 f3+ 54. Ke3 Kd5 55. Nf4+ 1-0

[Event "*** Titled Tuesday 3|2 Blitz"]
[Site "Chess.com"]
[Date "2016.07.05"]
[Round "1"]
[White "Alexander_Donchenko"]
[Black "pedromartinez91"]
[Result "1-0"]
[WhiteElo "2591"]
[BlackElo "2296"]
[TimeControl "180+2"]
[EndTime "11:08:33 PDT"]
[Termination "Alexander_Donchenko won by checkmate"]

1. d4 d5 2. c4 e6 3. Nf3 Nf6 4.
g3 Be7 5. Bg2 O-O 6. O-O dxc4 7. Qc2 a6 8. a4 Bd7 9. Qxc4 Bc6 10. Bf4 a5 11. Nc3 Bd6 12. Bg5 h6 13. Bxf6 Qxf6 14. e4 Bb4 15. Ne5 Rc8 16. Nxc6 Nxc6 17.
Rfd1 Qe7 18. Rac1 Bxc3 19. bxc3 Rd8 20. Rb1 Rab8 21. e5 Qd7 22. Rxb7 Nxe5 23. Qxc7 Rxb7 24.
Qxb7 Qxa4 25. Rb1 Ng6 26. Be4 Qa3 27. Bxg6 fxg6 28. Qc7 Qd6 29. Qxa5 Rc8 30. Rb7 e5 31. Qa7 Qf6 32. Rb8 Rf8 33. Qa2+ Kh7 34. Rxf8 Qxf8 35. dxe5 Qc5 36. c4 Qxe5 37. Qd2 h5 38. h4 Qe4 39.
Qd5 Qe1+ 40. Kg2 g5 41. hxg5 h4 42. gxh4 Kg6 43. c5 Kh5 44. c6 Kxh4 45. c7 g6 46.
c8=Q Qg1+ 47. Kxg1 Kh5 48. Qh3# 1-0

[Event "*** Titled Tuesday 3|2 Blitz"]
[Site "Chess.com"]
[Date "2016.07.05"]
[Round "1"]
[White "vovkcoach"]
[Black "Rock700chess"]
[Result "1-0"]
[WhiteElo "2515"]
[BlackElo "2219"]
[TimeControl "180+2"]
[EndTime "11:08:33 PDT"]
[Termination "vovkcoach won by resignation"]

1. d4 Nf6 2. c4 e6 3. Nf3 d5 4. g3 Be7 5. Bg2 O-O 6. O-O dxc4 7. Qc2 a6 8. a4 Bd7 9. Qxc4 Bc6 10. Bg5 Bd5 11.
Qc2 Be4 12. Qd1 h6 13. Bxf6 Bxf6 14. Nbd2 Bxf3 15. Nxf3 Nc6 16. e3 a5 17. Qb3 Nb4 18. Nd2 c6 19. Ne4 Be7 20. h4 Qb6 21. Rac1 Rfd8 22. Nd2 Nd5 23. Qc2 Nb4 24. Qb1 Qc7 25.
Nc4 Rac8 26. h5 c5 27. dxc5 Bxc5 28. Be4 b6 29. Kg2 Qe7 30. Rcd1 Rxd1 31. Rxd1 Rd8 32. b3 Qg5 33. Bf3 Nd5 34. Qe4 Nc3 35. Rxd8+ Qxd8 36. Qc6 Na2 37. Nxa5 Nb4 38. Qb5 Qd2 39.
Nc4 Qd8 40. Ne5 Nd5 41. Qd7 Qxd7 42. Nxd7 Bb4 43. Bxd5 exd5 44. Nxb6 g6 45. Nxd5 1-0

[Event "*** Titled Tuesday 3|2 Blitz"]
[Site "Chess.com"]
[Date "2016.07.05"]
[Round "1"]
[White "Alliswell998"]
[Black "Ginger_GM"]
[Result "0-1"]
[WhiteElo "2173"]
[BlackElo "2503"]
[TimeControl "180+2"]
[EndTime "11:08:33 PDT"]
[Termination "Ginger_GM won by resignation"]

1. e4 e6 2. d4 d5 3. Nc3 Bb4 4. exd5 exd5 5. Bd3 Nc6 6. a3 Bxc3+ 7. bxc3 Nge7 8.
Qh5 Be6 9. Ne2 Qd7 10. h3 O-O-O 11. Rb1 g6 12. Qf3 Bf5 13. Nf4 h5 14. Be3 Bxd3 15.
Nxd3 b6 16. O-O Nf5 17. a4 Na5 18. Ne5 Qe6 19. Rfe1 Rhf8 20. Bf4 Rde8 21. Qd3 Kb7 22. Qb5 Nc6 23. a5 a6 24. Qa4 Nxe5 25. Rxe5 Qc6 26.
Qb3 Rxe5 27. Bxe5 b5 28. Qb4 Re8 29. Rd1 f6 30. Bf4 g5 31. Bc1 g4 32. hxg4 hxg4 33.
Bf4 Re4 34. Bg3 Nxg3 35. fxg3 Qe6 36. Qc5 Re2 37. Kh2 f5 38. c4 dxc4 39. d5 Qd6 40.
Qd4 Rxc2 41. Re1 f4 42. gxf4 g3+ 43. Kh3 Qh6+ 44. Kg4 Qg6+ 45. Kh4 Rxg2 46. Rh1 Rh2+ 47. Rxh2 gxh2 0-1

[Event "*** Titled Tuesday 3|2 Blitz"]
[Site "Chess.com"]
[Date "2016.07.05"]
[Round "1"]
[White "Aguiar94"]
[Black "Hieronymus00"]
[Result "1-0"]
[WhiteElo "2491"]
[BlackElo "2152"]
[TimeControl "180+2"]
[EndTime "11:08:40 PDT"]
[Termination "Aguiar94 won by checkmate"]

1. e4 e5 2. Nf3 Nc6 3. d4 exd4 4.
Nxd4 Nf6 5. Nxc6 bxc6 6. e5 Qe7 7. Qe2 Nd5 8. Nd2 Bb7 9. c4 Nb6 10. Qe3 Qe6 11. b3 a5 12. a4 Bb4 13. Bb2 O-O 14. Bd3 d6 15. O-O-O d5 16. cxd5 cxd5 17. Nf3 h6 18. Nd4 Qe7 19. Nf5 Qc5+ 20. Qxc5 Bxc5 21. f4 Rfe8 22. Rhe1 Rad8 23. g4 Re6 24. h4 Bb4 25. Re2 c5 26. Bb5 d4 27. Rf1 Bd5 28. Kc2 Rc8 29.
h5 Rc7 30. Nd6 c4 31. Bxd4 cxb3+ 32. Kb2 Nc4+ 33. Nxc4 Bxc4 34. Rc1 Bxe2 35. Rxc7 Bd1 36. Rc8+ Kh7 37. Bd3+ g6 38. f5 Re7 39. e6 gxf5 40. Rh8# 1-0

[Event "*** Titled Tuesday 3|2 Blitz"]
[Site "Chess.com"]
[Date "2016.07.05"]
[Round "1"]
[White "Byniolus"]
[Black "YuriyKrykun"]
[Result "1-0"]
[WhiteElo "2598"]
[BlackElo "2309"]
[TimeControl "180+2"]
[EndTime "11:08:43 PDT"]
[Termination "Byniolus won by resignation"]

1. d4 Nf6 2. Bf4 g6 3. e3 Bg7 4. Nf3 O-O 5. Be2 d6 6. h3 c5 7.
c3 Be6 8. dxc5 dxc5 9. Qxd8 Rxd8 10. Nbd2 Nc6 11. a4 b6 12. Ba6 Bc8 13. Bxc8 Raxc8 14. Nc4 Nd5 15. Bg3 Rd7 16. Ke2 Rcd8 17. Rhc1 h6 18. Ra3 f5 19. Rb3 Rb7 20. a5 b5 21.
a6 Rbb8 22. Nce5 Nxe5 23. Nxe5 Rb6 24. Rd1 c4 25. Nxc4 bxc4 26. Rxb6 axb6 27. a7 Ra8 28. Rxd5 Rxa7 29. Rb5 Rb7 30. e4 e6 31. f3 Kf7 32. Bf2 Ke7 33. Rxb6 Rxb6 34. Bxb6 Kd6 35. Kd2 Kc6 36. Bd4 Bf8 37. Kc2 Kb5 38. b3 h5 39.
g4 hxg4 40. fxg4 fxg4 41. hxg4 Be7 42. b4 g5 43. Bg7 Bd6 44. e5 Bc7 45. Bf6 Bb8 46. Kd2 Kc6 47. Ke3 Kd5 48. Kf3 Bc7 49. Bxg5 Bxe5 50. Bd2 Bf6 51. g5 Bg7 52. Kf4 Be5+ 53. Kg4 Bg7 54. Kh5 Ke4 55. Kg6 Be5 56.
Kf7 Kd3 57. Kxe6 Bh8 58. Be1 Ke2 59. b5 Kxe1 60. b6 Bxc3 61. b7 1-0

[Event "*** Titled Tuesday 3|2 Blitz"]
[Site "Chess.com"]
[Date "2016.07.05"]
[Round "1"]
[White "ajkom197"]
[Black "theprosecution1"]
[Result "1/2-1/2"]
[WhiteElo "2244"]
[BlackElo "2507"]
[TimeControl "180+2"]
[EndTime "11:08:47 PDT"]
[Termination "Game drawn by repetition"]

1. d4 Nf6 2. Nf3 e6 3. c4 b6 4. g3 Ba6 5. b3 Bb4+ 6. Bd2 Be7 7. Bg2 c6 8. O-O d5 9. Ne5 Nfd7 10. Nxd7 Nxd7 11.
cxd5 cxd5 12. Re1 Nf6 13. Nc3 O-O 14. Rc1 Rc8 15. e4 Ba3 16. e5 Nd7 17. Qg4 Bxc1 18. Rxc1 Bd3 19. h4 Bf5 20. Qe2 h6 21. g4 Bg6 22. h5 Bh7 23. f4 f6 24. Nb5 Rxc1+ 25.
Bxc1 fxe5 26. dxe5 Nc5 27. Nd6 Qh4 28. Be3 Nd3 29. f5 Ne1 30. Bf2 Nxg2 31. Bxh4 Nxh4 32. fxe6 Nf3+ 33. Kg2 Nd4 34. Qe3 Nxe6 35. Qd2 Kh8 36.
Kg3 d4 37. a4 d3 38. Nf5 Bxf5 39. gxf5 Rxf5 40. Qxd3 Rxe5 41. Qd7 Re3+ 42. Kf2 Re5 43. Qe8+ Kh7 44. Qg6+ Kg8 45. Qe8+ Kh7 46. Qg6+ Kg8 47.
Qe8+ Kh7 1/2-1/2

[Event "*** Titled Tuesday 3|2 Blitz"]
[Site "Chess.com"]
[Date "2016.07.05"]
[Round "1"]
[White "Dlugy"]
[Black "oggy1984"]
[Result "1-0"]
[WhiteElo "2610"]
[BlackElo "2308"]
[TimeControl "180+2"]
[EndTime "11:08:50 PDT"]
[Termination "Dlugy won on time"]

1. d4 Nf6 2. Bf4 d5 3. e3 c5 4. dxc5 Nc6 5. Bb5 Bg4 6. Nf3 Qa5+ 7. Nc3 e6 8. O-O Ne4 9. Bxc6+ bxc6 10. Nxe4 dxe4 11. Qd2 Qxd2 12. Nxd2 Bxc5 13. Nxe4 Be7 14. Nd6+ Bxd6 15. Bxd6 O-O-O 16. Bc5 Kb7 17. f3 Bh5 18. Rfd1 Rd5 19. Rxd5 cxd5 20. c3 Rc8 21. Bd4 f6 22. f4 Bg6 23. Kf2 Be4 24. g4 a6 25. h4 Re8 26. Kg3 Kc6 27. b4 e5 28. Bc5 Kb5 29.
a4+ Kc4 30. Ra3 Bc2 31. g5 h6 32. gxh6 gxh6 33. h5 Rg8+ 34. Kf2 Be4 35. Be7 Rg2+ 36. Kf1 exf4 37. exf4 f5 38. b5 axb5 39. a5 Rg8 40. a6 Ra8 41. a7 d4 42. cxd4 Kxd4 43. Bf6+ Kc4 44. Bg7 b4 45. Ra1 Bd3+ 46. Kf2 b3 47.
Ke3 Bc2 48. Kd2 Kb4 49. Kc1 Kc4 50. Kb2 Kd3 51. Bxh6 Ke4 52. Bg7 Kxf4 53. h6 1-0

[Event "*** Titled Tuesday 3|2 Blitz"]
[Site "Chess.com"]
[Date "2016.07.05"]
[Round "1"]
[White "WanderingPuppet"]
[Black "Izoria123"]
[Result "0-1"]
[WhiteElo "2287"]
[BlackElo "2586"]
[TimeControl "180+2"]
[EndTime "11:08:52 PDT"]
[Termination "Izoria123 won by resignation"]

1. e4 c6 2. d4 d5 3. f3 Qb6 4.
a4 e6 5. a5 Qd8 6. e5 c5 7. c3 Nc6 8. Bb5 Bd7 9. Bxc6 Bxc6 10. Ne2 Bb5 11. O-O a6 12. Na3 Bxe2 13. Qxe2 cxd4 14.
cxd4 Qxa5 15. Nb5 Qxa1 16. Nc7+ Kd7 17. Nxa8 Qa5 18. Bg5 Ne7 19. Rc1 Nc6 20. Qc2 Bb4 21. Be3 g6 22. Qf2 Be7 23. Qg3 Rxa8 24. Qf4 Rf8 25. Qh6 Qb4 26. Rd1 Qb3 27. Rd2 f6 28. exf6 Rxf6 29. Kf2 Rf7 30. Qh3 Bf6 31. Qg3 Qb4 32. Qf4 Qd6 33. Qh6 Qf8 34. Qh3 Qg7 35. Qg3 g5 36. h3 Qg6 37. Qg4 h5 38. Qg3 Qf5 39. Kg1 Be7 40. Qf2 g4 41. hxg4 hxg4 42. fxg4 Qxf2+ 43. Bxf2 Rg7 44. Be3 Rxg4 45. Kf2 Bg5 46. Rd3 Bxe3+ 0-1

[Event "*** Titled Tuesday 3|2 Blitz"]
[Site "Chess.com"]
[Date "2016.07.05"]
[Round "1"]
[White "Misha_Bilous"]
[Black "Lapitch"]
[Result "1/2-1/2"]
[WhiteElo "2267"]
[BlackElo "2555"]
[TimeControl "180+2"]
[EndTime "11:09:06 PDT"]
[Termination "Game drawn - insufficient material"]

1. d4 Nf6 2. c4 g6 3. Nc3 d5 4.
cxd5 Nxd5 5. e4 Nxc3 6. bxc3 Bg7 7. Bc4 c5 8. Ne2 O-O 9. O-O Nc6 10. Be3 Qc7 11.
Rc1 Rd8 12. f4 e6 13. Bd3 b6 14. f5 exf5 15. exf5 Qe7 16. Qd2 cxd4 17. cxd4 Nxd4 18. fxg6 hxg6 19. Nxd4 Qxe3+ 20. Qxe3 Bxd4 21. Qxd4 Rxd4 22. Bc4 Rxc4 23. Rxc4 Ba6 24. Rc7 Bxf1 25. Kxf1 a5 26. Rb7 Rc8 27. Rxb6 Rc1+ 28. Kf2 Rc2+ 29. Kf3 Rxa2 30.
Ra6 a4 31. h4 a3 32. g3 Kg7 33. Kg4 Ra1 34. Kf3 Kf8 35. Ra7 Ke8 36. Kg2 Kf8 37.
Kf3 Kg7 38. Ra6 Kh6 39. Kg2 Kh5 40. Ra5+ f5 41. Ra6 Kh6 42. Ra5 Kg7 43. Ra6 Kf7 44. Kh2 a2 45. Kg2 Ke7 46. Kh2 Kd7 47. Kg2 Kc7 48.
Kh2 Kb7 49. Ra3 Kc6 50. Kg2 Kb5 51. Ra8 Kc4 52. Rc8+ Kd4 53. Rd8+ Ke3 54. Re8+ Kd3 55. Rd8+ Ke4 56. Re8+ Kd4 57. Rd8+ Ke5 58. Re8+ Kf6 59.
Ra8 f4 60. gxf4 Kf5 61. Ra4 Kg4 62. Kh2 Kf3 63. Ra3+ Kxf4 64. Ra4+ Kf3 65. Ra3+ Ke2 66. Ra8 Ke3 67. Kg2 Kf4 68. Kh2 Kg4 69. Ra4+ Kh5 70.
Kg2 Kh6 71. Kh2 Kg7 72. Kg2 Kf6 73. Ra6+ Kf5 74. Ra5+ Ke4 75. Ra4+ Kd3 76. Ra8 Re1 77. Rxa2 Re2+ 78. Rxe2 Kxe2 79. Kg3 Kf1 80. Kg4 Kg2 81. Kg5 Kg3 82. Kxg6 Kxh4 1/2-1/2